 Dungeon Crawl Stone Soup version 0.20.1-1-g8b1a95d (webtiles) character file.

435 Irenicus the Insei (level 7, -3/46 HPs)
             Began as an Octopode Chaos Knight on Oct 19, 2017.
             Slain by a centaur (8 damage)
             ... on level 4 of the Dungeon.
             The game lasted 00:06:02 (1698 turns).

Irenicus the Insei (Octopode Chaos Knight)          Turns: 1698, Time: 00:06:03

Health: -3/46      AC:  1    Str: 11    XL:     7   Next: 0%
Magic:  3/7        EV: 19    Int: 20    God:    Xom [..*...]
Gold:   69         SH:  0    Dex: 18    Spells: 4/6 levels left

rFire    . . .     SeeInvis .     - Unarmed
rCold    . . .     Gourm    .   (no shield)
rNeg     . . .     Faith    .   (helmet restricted)
rPois    .         Spirit   .   (no amulet)
rElec    .         Reflect  .   (no ring)
rCorr    .         Harm     .   (no ring)
MR       .....                  (no ring)
Stlth    ++++......             (no ring)
Regen    0.2/turn               (no ring)
MPRegen  0.1/turn               (no ring)
                                (no ring)
                                (no ring)

@: brilliant, agile
A: almost no armour, stealthy swim, amphibious, 8 rings, constrict 8, camouflage
1, gelatinous body 1
a: Renounce Religion


You were on level 4 of the Dungeon.
You worshipped Xom.
You were a toy of Xom.
You were very hungry.

You visited 1 branch of the dungeon, and saw 4 of its levels.

You collected 69 gold pieces.

Inventory:

Scrolls
 e - a scroll of identify
 g - 2 scrolls of teleportation {unknown}
 j - a scroll of enchant weapon {unknown}
Potions
 c - a potion of agility
Books
 f - a book of Callings

   Spells                             Type                      Level
   a - Summon Small Mammal            Summoning                    1
   b - Call Imp                       Summoning                    2
   c - Call Canine Familiar           Summoning                    3
   d - Summon Guardian Golem          Hexes/Summoning              3
   e - Summon Lightning Spire         Summoning/Air                4
   f - Summon Ice Beast               Ice/Summoning                4
Comestibles
 a - a bread ration
 d - 2 meat rations


   Skills:
 - Level 3.0 Fighting
 - Level 2.3 Dodging
 - Level 7.1 Unarmed Combat
 + Level 2.4 Summonings


You had 4 spell levels left.
You knew the following spells:

 Your Spells              Type           Power        Failure   Level  Hunger
a - Call Imp              Summ           ###.....     1%          2    ###....


Dungeon Overview and Level Annotations

Branches:
Dungeon (4/15)
 Temple: D:4-7

Altars:
Ashenzari
Zin

Annotations:
D:4 Grinder; pichaelthompson's ghost, amateur OpSk


Innate Abilities, Weirdness & Mutations

You cannot wear most types of armour.
You are very stealthy in the water. (Stealth+)
You are amphibious.
You can wear up to eight rings at the same time.
You can use your tentacles to constrict eight enemies at once.
Your skin changes colour to match your surroundings (Stealth+).
Your rubbery body absorbs attacks. (AC +1, EV +1)


Message History

You tentacle-slap the centaur but do no damage.
The centaur is severely wounded.
The centaur misses you.
You tentacle-slap the centaur.
The centaur is severely wounded.
The centaur misses you. x2
You aren't carrying any items that you can evoke.
You aren't carrying any pieces of jewellery.
You tentacle-slap the centaur.
The centaur is almost dead.
The centaur closely misses you.
You tentacle-slap the centaur but do no damage.
The centaur is almost dead.
The centaur completely misses you.
You barely miss the centaur. Your squeeze misses the centaur.
The centaur is almost dead.
Xom smirks.
You feel aware of your surroundings. The centaur misses you.
The centaur hits you!
You die...

#.# #....(.#..#*
#####.####.........#
#..........##...#..#
#..........##......#
#..........##..##....>
#...<......#..(#* ...#
#..........#...##* #..
#.)..........#..# .
#########.#.@##(# *,,
#..)c##.#####**
##....(.....###
##.####..#...# ###
##.###.# #.....#
#######


You could see a centaur.

Vanquished Creatures
  The ghost of Monsterracer the Skirmisher, an amateur HOWn (D:3)
  An ogre (D:4)
  A big kobold (D:4)
  Crazy Yiuf (D:3)
  A worker ant (D:4)
  2 adders (D:3)
  2 oozes (D:3)
  2 dart slugs
  A leopard gecko (D:3)
  An orc (D:3)
  A ball python (D:2)
  3 giant cockroaches
  6 goblins
  6 hobgoblins
  3 jackals (D:1)
  8 kobolds
  6 quokkas
  3 bats
  2 frilled lizards (D:1)
  9 rats
60 creatures vanquished.

Notes
Turn   | Place    | Note
-------+----------+-------------------------------------------
     0 | D:1      | Irenicus the Octopode Chaos Knight began the quest for the Orb.
     0 | D:1      | Reached XP level 1. HP: 16/16 MP: 1/1
   136 | D:1      | XOM: harmless Ice miscast
   141 | D:1      | Reached XP level 2. HP: 21/21 MP: 2/2
   186 | D:1      | XOM: harmless Chrm miscast
   270 | D:1      | Reached skill level 4 in Unarmed Combat
   368 | D:2      | Reached XP level 3. HP: 17/26 MP: 3/3
   426 | D:2      | Found a glowing silver altar of Zin.
   785 | D:3      | Reached XP level 4. HP: 6/31 MP: 4/4
   876 | D:3      | Noticed Monsterracer's ghost (amateur HOWn)
   902 | D:3      | XOM: potion effect (curing)
   924 | D:3      | Killed Monsterracer's ghost
   924 | D:3      | Reached skill level 6 in Unarmed Combat
   924 | D:3      | Reached XP level 5. HP: 36/36 MP: 5/5
  1002 | D:3      | Found a shattered altar of Ashenzari.
  1051 | D:3      | XOM: silly message
  1055 | D:3      | XOM: smoke on damage
  1059 | D:3      | Reached XP level 6. HP: 34/42 MP: 6/6
  1117 | D:3      | Learned a level 2 spell: Call Imp
  1137 | D:3      | Found a runed door.
  1184 | D:3      | XOM: cloud trail
  1205 | D:3      | Paralysed by you for 7 turns
  1295 | D:3      | Noticed Crazy Yiuf
  1304 | D:3      | Killed Crazy Yiuf
  1407 | D:4      | Noticed Grinder
  1482 | D:3      | XOM: harmless Ice miscast
  1521 | D:4      | Reached skill level 7 in Unarmed Combat
  1581 | D:4      | Noticed pichaelthompson's ghost (amateur OpSk)
  1669 | D:4      | XOM: cast spell 'Olgreb's Toxic Radiance'
  1672 | D:4      | XOM: harmless Conj miscast
  1674 | D:4      | Reached skill level 1 in Summonings
  1679 | D:4      | XOM: divination: detect creatures
  1689 | D:4      | Reached XP level 7. HP: 13/46 MP: 2/7
  1698 | D:4      | XOM: divination: magic mapping
  1698 | D:4      | Slain by a centaur

Skill      XL: |  1  2  3  4  5  6 |
---------------+-------------------+-----
Unarmed Combat | 4 6 7 |  7.1
Summonings     | 2 |  2.4
Fighting       | |  3.0
Dodging        | |  2.3

Action                   |  1- 3 |  4- 6 |  7- 9 || total
-------------------------+-------+-------+-------++-------
Melee: Unarmed           |    84 |    59 |     7 ||   150
       Constrict         |    27 |     6 |       ||    33
       Tentacles         |     9 |     4 |       ||    13
       Punch             |     4 |     2 |       ||     6
 Cast: Call Imp          |       |     2 |       ||     2
  Use: Scroll            |       |     3 |       ||     3
       Potion            |       |     3 |     2 ||     5
 Stab: Sleeping          |     3 |     3 |       ||     6
       Distracted        |       |     1 |       ||     1
  Eat: Fruit             |       |     2 |       ||     2
Armor: Skin              |     5 |     9 |       ||    14
Dodge: Dodged            |    43 |    38 |    10 ||    91
